Map: Overgrowth LE (Void)

Players

Sonic - Winner!

  • Race: Zerg Zerg
  • League: Diamond
  • Spawn Location: 1:00

Gorod

  • Race: Zerg Zerg
  • League: Diamond
  • Spawn Location: 7:00

VOD

Have the link to the VOD?

Description

Time

  • Played on: Dec. 20, 2016, 7:14 a.m.
  • Length: 7:10
Show
View Real Time Build Order
Export as new Build Order

Sonic Zerg - Winner!

Build Orders: Hatch First 

Get SALT Encoding   

  12  0:01  Drone  
  13  0:13  Overlord  
  13  0:19  Drone  
  14  0:32  Drone x2  
  16  0:36  Drone  
  17  0:52  Hatchery  
  17  0:55  Drone  
  17  0:58  Drone  
  18  1:10  Extractor  
  17  1:14  Spawning Pool  
  17  1:16  Drone  
  17  1:20  Drone  
  18  1:30  Drone  
  19  1:40  Overlord  
  19  1:50  Drone  
  20  2:00  Queen  
  22  2:01  Zergling x2  
  22  2:04  Queen  
  22  2:05  Zergling x2  
  26  2:12  Drone, Metabolic Boost  
  27  2:16  Drone  
  29  2:22  Drone  
  29  2:26  Overlord  
  29  2:36  Drone  
  30  2:40  Drone  
  31  2:52  Drone x2  
  31  2:53  Hatchery  
  32  2:59  Drone x2  
  33  3:14  Roach Warren  
  32  3:23  Overlord  
  32  3:24  Drone x2  
  34  3:30  Drone x4  
  34  3:31  Drone  
  34  3:33  Lair  
  39  3:36  Extractor  
  39  3:40  Zergling x2  
  39  3:41  Zergling x2  
  40  3:42  Zergling x4  
  40  3:43  Zergling x2  
  40  3:47  Zergling x4  
  45  3:51  Drone  
  45  3:52  Drone  
  45  3:54  Drone  
  48  3:58  Zergling x2  
  49  4:09  Zergling x6  
  52  4:13  Queen  
  52  4:15  Overlord  
  52  4:16  Overlord  
  54  4:20  Extractor  
  54  4:23  Roach x2  
  58  4:31  Zergling x2  
  58  4:33  Overlord  
  58  4:35  Overlord  
  58  4:38  Glial Reconstitution  
  57  4:44  Roach x3  
  57  4:45  Roach x2  
  63  4:58  Roach x2  
  63  4:59  Roach  
  67  5:11  Drone x3  
  67  5:12  Drone x3  
  73  5:17  Roach x3  
  79  5:26  Roach x5  
  89  5:30  Overlord x2  
  89  5:37  Drone  
  89  5:38  Evolution Chamber  
  89  5:42  Ravager  
  90  5:48  Extractor  
  90  5:49  Drone x2  
  92  5:50  Drone  
  92  5:55  Ravager  
  92  6:07  Roach x5  
  92  6:08  Roach x2  
  100  6:21  Ravager x2  
  100  6:23  Zergling x2  
  100  6:24  Zergling x10  
  106  6:30  Roach  
  106  6:31  Ravager  
  105  6:33  Ravager  
  105  6:37  Overlord x4  
  105  6:38  Drone x2  
  102  6:44  Ravager  
  104  7:10  Ravager  
Show
View Real Time Build Order
Export as new Build Order

Gorod Zerg 

Build Orders: Hatch First 

Get SALT Encoding   

  12  0:01  Drone  
  13  0:17  Drone  
  14  0:22  Drone, Extractor  
  15  0:41  Hatchery  
  14  0:51  Drone, Extractor  
  14  1:04  Drone, Extractor  
  13  1:09  Spawning Pool  
  15  1:37  Extractor  
  15  1:38  Overlord  
  14  1:42  Extractor  
  14  1:43  Drone  
  15  1:53  Drone x2  
  17  1:54  Drone  
  17  1:59  Queen  
  17  2:00  Queen  
  22  2:02  Drone  
  22  2:05  Drone  
  24  2:11  Drone  
  25  2:21  Drone  
  27  2:22  Drone  
  27  2:25  Drone  
  28  2:35  Roach Warren  
  27  2:43  Lair  
  27  2:47  Drone  
  27  2:49  Overlord  
  28  3:00  Evolution Chamber  
  28  3:01  Evolution Chamber  
  26  3:12  Drone x2  
  28  3:15  Overlord  
  28  3:28  Overlord  
  28  3:29  Overlord  
  28  3:33  Zerg Missile Weapons Level 1  
  28  3:37  Extractor  
  28  3:40  Extractor  
  26  4:06  Roach  
  26  4:08  Drone  
  26  4:09  Drone x4  
  34  4:10  Drone  
  34  4:15  Extractor  
  33  4:32  Evolution Chamber x2  
  33  4:38  Roach x7  
  43  4:47  Spine Crawler  
  42  4:52  Evolution Chamber  
  42  4:55  Roach Warren  
  40  5:34  Glial Reconstitution  
  40  5:36  Roach x2  
  40  5:37  Overlord x2  
  44  6:03  Roach  
  44  6:04  Roach x7  
  46  6:22  Roach x4  
  54  6:31  Ravager x2  
  56  6:33  Ravager  
  57  6:45  Ravager  
Tags
 
Add a new tag
Caveats
  • Supply blocks, unpowered buildings, or Contaminate may cause inaccurate times.
  • Supply counts are checked every 10 seconds.